 Dungeon Crawl Stone Soup version 0.29.0-4-gdea44cf6ec (webtiles) character file.

Game seed: 4927581636228935201

770 qw the Chopper (level 7, -5/72 HPs)
             Began as an Ogre Enchanter on Sept 4, 2022.
             Was an Initiate of Okawaru.
             Slain by an iguana (13 damage)
             ... on level 5 of the Dungeon.
             The game lasted 00:01:51 (4965 turns).

qw the Chopper (Ogre Enchanter)                     Turns: 4965, Time: 00:01:52

Health: -5/72      AC:  5    Str: 15      XL:     7   Next: 83%
Magic:  10/10      EV:  9    Int: 14 (16) God:    Okawaru [......]
Gold:   382        SH:  0    Dex:  6 (9)  Spells: 10/10 levels left

rFire   . . .      SeeInvis .   Y - +0 war axe (vorpal)
rCold   . . .      Faith    .   (no shield)
rNeg    + . .      Spirit   .   h - +2 robe {Archmagi}
rPois   .          Reflect  .   (helmet restricted)
rElec   .          Harm     .   (no cloak)
rCorr   .          Rampage  .   (gloves unavailable)
Will    .....      Archmagi +   (boots unavailable)
Stlth   +.........              (no amulet)
HPRegen 0.22/turn               k - ring of positive energy
MPRegen 0.12/turn               (no ring)

@: about to teleport, weakened
A: large, unfitting armour, tough skin 1, mutation resistance 1, wild magic 1
a: Renounce Religion


You were on level 5 of the Dungeon.
You worshipped Okawaru.
Okawaru was noncommittal.
You visited 1 branch of the dungeon, and saw 5 of its levels.

You collected 382 gold pieces.


Innate Abilities, Weirdness & Mutations

You are too large for most types of armour.
You have tough skin. (AC +1)
You are somewhat resistant to further mutation.
Your spells are a little harder to cast, but a little more powerful.


   Skills:
 + Level 5.3 Fighting
 - Level 0.8 Short Blades
 - Level 7.0 Axes
 - Level 1.2 Throwing
 - Level 1.7 Dodging
 - Level 2.1 Stealth
 - Level 2.4 Spellcasting
 - Level 2.6 Hexes


You had 10 spell levels left.
You didn't know any spells.
Your spell library contained the following spells:

 Spells                   Type           Power      Damage    Failure   Level
 Ensorcelled Hibernation  Hex/Ice        20%        N/A       28%         2
 Confusing Touch          Hex            17%        N/A       30%         3
 Dazzling Flash           Conj/Hex       20%        N/A       45%         3
 Tukima's Dance           Hex            Unusable   N/A       N/A         3

Inventory:

Hand Weapons
 l - a +0 flail
 Y - a +0 vorpal war axe (weapon)
Missiles
 c - 3 silver boomerangs
 n - a javelin (quivered)
Armour
 h - a +2 robe of the Archmagi (worn)
Jewellery
 k - a ring of positive energy (left hand)
Scrolls
 b - a scroll of silence {unknown}
 j - 2 scrolls of identify
Potions
 a - a potion of haste {unknown}
 d - 2 potions of curing
 e - 2 potions of mutation
 g - a potion of lignification
 m - a potion of resistance
 o - 2 potions of might

Dungeon Overview and Level Annotations

Branches:
Dungeon (5/15)
 Temple: D:4-7

Altars:
Okawaru

Shops:
D:4 (


Message History

The gnoll bouda hits you with a +0 whip.
The iguana hisses angrily.
You hit the gnoll bouda.
The gnoll bouda is severely wounded.
The gnoll hits you but does no damage.
The gnoll bouda hits you with a +0 whip.
You barely miss the gnoll bouda.
The gnoll bouda is severely wounded.
The gnoll hits you but does no damage. The gnoll bouda closely misses you.
You hit the gnoll bouda but do no damage.
The gnoll bouda is severely wounded.
The gnoll hits you from afar with a +0 spear!
The gnoll bouda hits you with a +0 whip.
You hit the gnoll bouda.
The gnoll bouda is severely wounded.
The gnoll closely misses you.
The gnoll bouda hits you with a +0 whip.
The gnoll hits you from afar with a +0 spear.
You hit the gnoll bouda.
You kill the gnoll bouda!
Okawaru accepts your kill.
You hit the iguana. The iguana closely misses you.
The gnoll hits you from afar with a +0 spear.
Your Axes skill increases to level 7!
You hit the iguana.
The iguana is heavily wounded.
The iguana bites you.
The gnoll hits you from afar with a +0 spear.
The iguana barely misses you.
4964 ||| READING scroll of teleportation.
As you read the scroll of teleportation, it crumbles to dust.
You feel strangely unstable.
The gnoll hits you from afar with a +0 spear.
The iguana barely misses you.
You hit the iguana but do no damage.
The iguana is moderately wounded.
The gnoll hits you from afar with a +0 spear.
The iguana bites you!
You die...

####.#.##.#..%....
#.#.##.........
#.#.#####......
#####.#.# ##.....
#..##.#.# #####.
###...#.#.####### #..
#....................
#..))...#.##########.
#..)@...#.### #
##g##l........ #.
#...#..... . #.
#...#..... . #g
#......./. . .:
#....###### . .g
#....# . (g ###... .
.... .


You could see an iguana and a gnoll (swift).

Vanquished Creatures
  2 black bears
  An ogre (D:4)
  A necrophage (D:4)
  2 scorpions
  A gnoll bouda (D:5)
  3 iguanas
  An orc wizard (D:3)
  3 gnolls (D:5)
  6 adders
  A shadow imp (D:5)
  2 ufetubi (D:5)
  4 dart slugs
  14 orcs
  10 ball pythons
  3 endoplasms
  3 giant cockroaches
  A hobgoblin (D:3)
  5 kobolds
  A quokka (D:3)
  6 bats
  6 frilled lizards
  4 goblins
  A rat (D:1)
  A spectral goblin (D:1)
82 creatures vanquished.

Notes
Turn   | Place    | Note
-------+----------+-------------------------------------------
     0 | D:1      | qw the Ogre Enchanter began the quest for the Orb.
     0 | D:1      | Reached XP level 1. HP: 16/16 MP: 3/3
     0 | D:1      | 0 ||| qw: Version: 0.1-a-103-gd6f5d3a
     0 | D:1      | 0 ||| qw: Game counter: 5399
     0 | D:1      | 0 ||| qw: Always use a shield: true
     0 | D:1      | 0 ||| qw: God list: Okawaru
     0 | D:1      | 0 ||| qw: Allow faded altars: false
     0 | D:1      | 0 ||| qw: Do Orc after D:15 true
     0 | D:1      | 0 ||| qw: Do second Lair branch before Depths: true
     0 | D:1      | 0 ||| qw: Lair rune preference: random
     0 | D:1      | 0 ||| qw: Plans: Normal
     0 | D:1      | 0 ||| PLANNING D:1-11
    59 | D:1      | 59 ||| Stepping ~*~*~tactically~*~*~ (outnumbered).
   134 | D:1      | Reached skill level 1 in Axes
   143 | D:1      | Found a faded altar of an unknown god.
   172 | D:1      | Reached skill level 1 in Fighting
   291 | D:1      | Reached XP level 2. HP: 24/27 MP: 5/5
   440 | D:1      | 440 ||| SWAPPING to +0 club.
   441 | D:1      | 441 ||| DROPPING +1 dagger.
   736 | D:1      | 736 ||| SWAPPING to +0 long sword.
   950 | D:1      | 950 ||| READING 2 scrolls labelled GYTIQEH AGGITA.
   951 | D:1      | 951 ||| READING scroll labelled BUTYEB FENE.
   952 | D:1      | 952 ||| DROPPING 2 potions of invisibility.
   953 | D:1      | 953 ||| DROPPING scroll of noise.
  1088 | D:2      | Reached skill level 2 in Axes
  1244 | D:2      | Reached XP level 3. HP: 23/35 MP: 6/6
  1406 | D:2      | 1406 ||| DROPPING +0 club.
  1811 | D:2      | 1811 ||| UPGRADING to ring of positive energy.
  1812 | D:2      | 1812 ||| READING scroll labelled MUOSUM JUACKO.
  1813 | D:2      | 1813 ||| READING scroll labelled FARINUTUICE.
  1814 | D:2      | 1814 ||| READING 2 scrolls labelled QUAJAP QOINEE.
  1815 | D:2      | 1815 ||| READING scroll labelled LETZOREMEBB.
  1818 | D:2      | 1818 ||| READING 2 scrolls labelled XIZAVVYFRI.
  1819 | D:2      | 1819 ||| DRINKING 2 emerald potions.
  1820 | D:2      | 1820 ||| DRINKING 2 ruby potions.
  1820 | D:2      | Gained mutation: Your spells are a little harder to cast,
                  | but a little more powerful. [potion of mutation]
  1820 | D:2      | Gained mutation: You are somewhat resistant to further
                  | mutation. [potion of mutation]
  1821 | D:2      | 1821 ||| DROPPING scroll of fear.
  1958 | D:3      | 1958 ||| SWAPPING to +0 vorpal war axe.
  1959 | D:3      | 1959 ||| DROPPING +0 spear.
  1960 | D:3      | 1960 ||| DROPPING +1 long sword.
  2011 | D:3      | 2011 ||| Stepping ~*~*~tactically~*~*~ (hiding).
  2021 | D:3      | Reached skill level 3 in Axes
  2021 | D:3      | Reached XP level 4. HP: 25/42 MP: 7/7
  2389 | D:3      | 2389 ||| DROPPING +2 mace of protection.
  2626 | D:3      | Reached skill level 3 in Fighting
  2713 | D:3      | 2713 ||| Stepping ~*~*~tactically~*~*~ (stealth).
  2715 | D:3      | 2715 ||| Stepping ~*~*~tactically~*~*~ (stealth).
  2734 | D:3      | 2734 ||| Stepping ~*~*~tactically~*~*~ (stealth).
  2740 | D:3      | 2740 ||| Stepping ~*~*~tactically~*~*~ (stealth).
  2742 | D:3      | 2742 ||| Stepping ~*~*~tactically~*~*~ (stealth).
  3001 | D:3      | 3001 ||| UPGRADING to +2 robe of the Archmagi.
  3011 | D:3      | 3011 ||| DROPPING +0 robe.
  3012 | D:3      | 3012 ||| READING scroll labelled BAINEU ZUBUVU.
  3013 | D:3      | 3013 ||| READING scroll labelled WENTETOGHOUKO.
  3014 | D:3      | 3014 ||| DRINKING 2 bubbling emerald potions.
  3015 | D:3      | 3015 ||| DRINKING 2 glowing coppery potions.
  3016 | D:3      | 3016 ||| READING 2 scrolls of identify.
  3016 | D:3      | 3016 ||| IDENTIFYING murky white potion
  3055 | D:4      | Reached skill level 1 in Throwing
  3082 | D:4      | Reached XP level 5. HP: 49/53 MP: 8/8
  3154 | D:4      | 3154 ||| Stepping ~*~*~tactically~*~*~ (hiding).
  3168 | D:4      | HP: 12/53 [poisoned by a scorpion]
  3169 | D:4      | Reached skill level 4 in Axes
  3173 | D:4      | HP: 6/53 [poisoned by a scorpion]
  3386 | D:4      | 3386 ||| Stepping ~*~*~tactically~*~*~ (stealth).
  3528 | D:4      | 3528 ||| Stepping ~*~*~tactically~*~*~ (stealth).
  3532 | D:4      | Noticed an ogre
  3575 | D:4      | HP: 7/53 [ogre/+0 giant club (34)]
  3576 | D:4      | 3576 ||| READING 2 scrolls of teleportation.
  3577 | D:4      | 3577 ||| DRINKING potion of heal wounds.
  3860 | D:4      | Reached XP level 6. HP: 45/62 MP: 9/9
  4139 | D:4      | Noticed a black bear
  4147 | D:4      | Killed a black bear
  4148 | D:4      | Reached skill level 5 in Axes
  4192 | D:4      | 4192 ||| Stepping ~*~*~tactically~*~*~ (stealth).
  4199 | D:4      | Reached skill level 6 in Axes
  4199 | D:4      | Reached XP level 7. HP: 70/70 MP: 10/10
  4199 | D:4      | 4199 ||| Stepping ~*~*~tactically~*~*~ (stealth).
  4242 | D:4      | 4242 ||| Stepping ~*~*~tactically~*~*~ (stealth).
  4252 | D:4      | 4252 ||| Stepping ~*~*~tactically~*~*~ (stealth).
  4256 | D:4      | 4256 ||| Stepping ~*~*~tactically~*~*~ (stealth).
  4293 | D:4      | 4293 ||| Stepping ~*~*~tactically~*~*~ (stealth).
  4302 | D:4      | Found Yheimeu's Weapon Emporium.
  4569 | D:4      | 4569 ||| DROPPING +0 robe of positive energy.
  4570 | D:4      | 4570 ||| READING scroll labelled VORAIMABUW.
  4571 | D:4      | 4571 ||| READING scroll labelled MAIGHA SAVONY.
  4572 | D:4      | 4572 ||| DRINKING 2 coppery potions.
  4573 | D:4      | 4573 ||| DROPPING potion of degeneration.
  4590 | D:5      | Entered Level 5 of the Dungeon
  4616 | D:5      | 4616 ||| Stepping ~*~*~tactically~*~*~ (stealth).
  4624 | D:5      | 4624 ||| FLEEEEING.
  4735 | D:5      | 4735 ||| Stepping ~*~*~tactically~*~*~ (hiding).
  4736 | D:5      | 4736 ||| Stepping ~*~*~tactically~*~*~ (hiding).
  4737 | D:5      | 4737 ||| Stepping ~*~*~tactically~*~*~ (hiding).
  4739 | D:5      | 4739 ||| Stepping ~*~*~tactically~*~*~ (hiding).
  4781 | D:5      | 4781 ||| Stepping ~*~*~tactically~*~*~ (stealth).
  4782 | D:5      | 4782 ||| Stepping ~*~*~tactically~*~*~ (stealth).
  4784 | D:5      | 4784 ||| Stepping ~*~*~tactically~*~*~ (stealth).
  4837 | D:5      | Found an iron altar of Okawaru.
  4866 | D:5      | Became a worshipper of Warmaster Okawaru
  4874 | D:5      | 4874 ||| DRINKING 2 bubbling white potions.
  4945 | D:5      | 4945 ||| Stepping ~*~*~tactically~*~*~ (hiding).
  4963 | D:5      | Reached skill level 7 in Axes
  4963 | D:5      | HP: 16/72 [iguana (3)]
  4964 | D:5      | 4964 ||| READING scroll of teleportation.
  4965 | D:5      | Slain by an iguana

Levels and vault maps discovered:
D:1:      dpeg_arrival_arbitrary_c, layout_loops_ring,
          dreamdust_ecumenical_altar_drowned_temple, minivault_24,
          serial_bayou_lake_a
D:2:      layout_basic, kennysheep_small_spiral, minmay_crystal_room
D:3:      layout_loops_cross, kennysheep_generic_room_14
D:4:      minmay_opposing_rooms, layout_basic, serial_shops, nicolae_shop_trees
D:5:      layout_rooms, nicolae_overflow_hidden_temple, amcnicky_altar_gilded

Skill      XL: |  1  2  3  4  5  6  7 |
---------------+----------------------+-----
Axes           | 1 2 3 4 6 7 |  7.0
Fighting       | 1 2 3 4 5 |  5.3
Throwing       | 1 |  1.2
Short Blades   | |  0.8
Dodging        | |  1.7
Stealth        | |  2.1
Spellcasting   | |  2.4
Hexes          | |  2.6

Action                   |  1- 3 |  4- 6 |  7- 9 || total
-------------------------+-------+-------+-------++-------
Melee: Dagger            |    64 |       |       ||    64
       Long sword        |    18 |       |       ||    18
       Club              |     9 |       |       ||     9
       War axe           |     8 |   120 |    60 ||   188
       Punch             |       |     2 |       ||     2
Throw: Javelin           |    15 |    25 |     9 ||    49
       Boomerang         |       |       |     9 ||     9
  Use: Scroll            |     7 |     4 |     3 ||    14
       Potion            |     2 |     3 |     2 ||     7
Armor: Robe              |    45 |    39 |    22 ||   106
       Skin              |       |       |     2 ||     2
Dodge: Dodged            |    52 |    72 |    29 ||   153

Table legend:
 A = Non-vault XP
 B = Vault XP
 C = Vault XP percentage of total XP
 D = Non-vault monster count
 E = Vault monster count
 F = Vault count percentage of total count
                 A         B        C        D         E       F
            +---------+---------+-------+---------+---------+-------
      Total |     946 |     155 |  14.1 |      70 |      12 |  14.6
            +---------+---------+-------+---------+---------+-------
        D:1 |      19 |       1 |   5.0 |      13 |       1 |   7.1
        D:2 |      21 |       0 |   0.0 |       5 |       0 |   0.0
        D:3 |      98 |       1 |   1.0 |      24 |       1 |   4.0
        D:4 |     407 |     153 |  27.3 |      17 |      10 |  37.0
        D:5 |     401 |       0 |   0.0 |      11 |       0 |   0.0
            +---------+---------+-------+---------+---------+-------
